 Dungeon Crawl Stone Soup version 0.27-a0-1105-g946c659c87 (webtiles) character file.

Game seed: 4724659335202972783

20 robertstho the Magician (level 2, -2/21 HPs)
             Began as a Djinni Fire Elementalist on Apr 30, 2021.
             Slain by a hobgoblin (4 damage)
             ... on level 1 of the Dungeon.
             The game lasted 00:01:24 (810 turns).

robertstho the Magician (Djinni Fire Elementalist)   Turns: 810, Time: 00:01:25

Health: -2/21      AC:  2    Str:  7    XL:     2   Next: 79%
Gold:   13         EV: 12    Int: 16    God:
                   SH:  0    Dex: 13

rFire    + + .     SeeInvis .   (no weapon)
rCold    x . .     Faith    .   (no shield)
rNeg     . . .     Spirit   .   a - +0 robe
rPois    ∞         Reflect  .   (no helmet)
rElec    .         Harm     .   (no cloak)
rCorr    .         Rampage  .   (no gloves)
Will     .....                  (boots unavailable)
Stlth    ++........             (no amulet)
HPRegen  0.07/turn              (no ring)
MPRegen  0.00/turn              (no ring)

@: flying
A: fire resistance 2, cold vulnerability 1, float, innate caster, hp casting,
extra vitality 1
a: no special abilities


You were on level 1 of the Dungeon.
You visited 1 branch of the dungeon, and saw 1 of its levels.

You collected 13 gold pieces.

Inventory:

Armour
 a - a +0 robe (worn)
Scrolls
 b - a scroll of acquirement {unknown}
Potions
 c - 2 potions of curing {unknown}


   Skills:
 + Level 2.2 Dodging
 + Level 1.7 Stealth
 + Level 3.3 Spellcasting


You couldn't memorise any spells.
You knew the following spells:

 Your Spells              Type           Power      Damage    Failure   Level
a - Foxfire               Conj/Fire      52%        2x1d6     4%          1
b - Conjure Flame         Conj/Fire      13%        6-21      14%         3
c - Inner Flame           Hex/Fire       13%        N/A       14%         3
d - Sticky Flame          Conj/Fire      13%        2d4       41%         4
e - Fireball              Conj/Fire      6%         3d5       77%         5
Your spell library was empty.

Dungeon Overview and Level Annotations

Branches:
Dungeon (1/15)

Altars:


Innate Abilities, Weirdness & Mutations

You are immune to poison.
Your flesh is very heat resistant. (rF++)
You are vulnerable to cold. (rC-)
You float through the air rather than walking.
You learn spells naturally, not from books.
Your magical power is your life essence.
You have superior vitality. (+4 HP)


Message History

You miscast Foxfire.
You are very lightly contaminated with residual magic.
Nothing appears to happen.
The hobgoblin hits you.
The hobgoblin hits you but does no damage.
Casting: Foxfire (safe; 4% risk of failure)
Press: ? - help, Q - select action Dir - look around, f - activate You conjure some foxfire!
The hobgoblin barely misses you.
The foxfire hits the hobgoblin.
The hobgoblin is severely wounded.
The hobgoblin hits you.
Casting: Foxfire (safe; 4% risk of failure)
Press: ? - help, Q - select action Dir - look around, f - activate You conjure some foxfire!
The hobgoblin hits you.
* * * LOW HITPOINT WARNING * * *
The foxfire hits the hobgoblin but does no damage.
The hobgoblin is severely wounded.
The hobgoblin barely misses you.
Unknown command.
The hobgoblin closely misses you.
Your magical contamination has completely faded away.
Casting: Foxfire (safe; 4% risk of failure)
Press: ? - help, Q - select action Dir - look around, f - activate You conjure some foxfire!
* * * LOW HITPOINT WARNING * * *
The hobgoblin hits you.
* * * LOW HITPOINT WARNING * * *
Your foxfire dissipates!
The foxfire hits the hobgoblin but does no damage.
The hobgoblin is heavily wounded.
Things that are here:
a +0 short sword; a kobold corpse
Casting: Foxfire (safe; 4% risk of failure)
Press: ? - help, Q - select action Dir - look around, f - activate You conjure some foxfire!
* * * LOW HITPOINT WARNING * * *
The hobgoblin hits you.
You die...

# #.# #.# #..###.###.#.#. # #†#
#.# #..# ##...##.#. # #.# #.#
#..# ##.###.#. # #.# ####.## #..#
#.# #.#. # #.# #.....# #..#
###.###.#. ###.#####.###.# #..#
#.÷....... ..........# #.#####..#
#.#......_
#########.###>..vv...###.#####.##
#......g@..........###.#
############...###....(# ##..#
#.##### ##.# #.# #.....# #######


You could see a hobgoblin (ally target).

Vanquished Creatures
  A dart slug (D:1)
  An endoplasm (D:1)
  3 hobgoblins (D:1)
  4 jackals (D:1)
  A kobold (D:1)
  2 ball pythons (D:1)
  2 bats (D:1)
  2 frilled lizards (D:1)
16 creatures vanquished.

Vanquished Creatures (others)
  45 foxfires (D:1)
45 creatures vanquished.

Grand Total: 61 creatures vanquished

Notes
Turn   | Place    | Note
-------+----------+-------------------------------------------
     0 | D:1      | robertstho the Djinni Fire Elementalist began the quest for
                  | the Orb.
     0 | D:1      | Reached XP level 1. HP: 15/15 MP: 0/0
   177 | D:1      | Reached skill level 3 in Spellcasting
   181 | D:1      | Reached XP level 2. HP: 9/21 MP: 0/0
   372 | D:1      | Found a faded altar of an unknown god.
   810 | D:1      | Slain by a hobgoblin

Illustrated notes

Levels and vault maps discovered:
D:1:      dpeg_arrival_concentric_ovals, layout_loops_ring,
          basic_ecumenical_altar

Skill      XL: |  1 |
---------------+----+-----
Spellcasting   | 3 |  3.3
Dodging        | |  2.2
Stealth        | |  1.7

Action                   || total
-------------------------++-------
 Cast: Foxfire           ||    34
Armor: Robe              ||    10
Dodge: Dodged            ||     9

Table legend: (Time is in decaauts)
 A = Elapsed time spent in this place.
 B = Non-inter-level travel time spent in this place.
 C = Inter-level travel time spent in this place.
 D = Time resting spent in this place.
 E = Time spent auto-exploring this place.
 F = Levels seen in this place.
 G = Mean time per level.
                   A        B        C        D        E       F      G
               +--------+--------+--------+--------+--------+-----+--------+
         Total |    810 |    810 |      0 |      0 |    695 |   1 |  810.0 |
       Dungeon |    810 |    810 |      0 |      0 |    695 |   1 |  810.0 |
               +--------+--------+--------+--------+--------+-----+--------+

Top non-repeatable levels by time:
     D:1: 810 daAuts
